 Dungeon Crawl Stone Soup version 0.30-a0-1075-gcd70e7a56d (webtiles) character file.

Game seed: 12492564721349194394

940 hwolsky the Covered (level 7, 0/62 HPs)
             Began as a Minotaur Fighter on Apr 14, 2023.
             Slain by a gnoll
             ... wielding a +0 club
             ... led by a gnoll sergeant
              (5 damage)
             ... on level 5 of the Dungeon.
             The game lasted 00:13:22 (4360 turns).

hwolsky the Covered (Minotaur Fighter)              Turns: 4360, Time: 00:13:22

Health: 0/62       AC: 10    Str: 21 (23) XL:     7   Next: 88%
Magic:  6/6        EV:  9    Int:  3 (5)  God:
Gold:   251        SH:  5    Dex: 14 (15) Spells: 6/6 levels left

rFire   . . .      SeeInvis .    t - +1 demon blade (freeze)
rCold   . . .      Faith    .    c - +0 buckler
rNeg    . . .      Spirit   .    b - +0 scale mail
rPois   .          Reflect  .    (helmet restricted)
rElec   .          Rampage  .    o - +0 cloak
rCorr   .                        g - +0 pair of gloves
Will    .....                    (no boots) Stlth
                                 (no amulet)
HPRegen 0.30/turn                s - +6 ring of dexterity
MPRegen 0.10/turn                (no ring)

@: about to teleport, flying
A: horns 2, retaliatory headbutt, wild magic 1
a: no special abilities


You were on level 5 of the Dungeon.
You visited 2 branches of the dungeon, and saw 6 of its levels.

You collected 251 gold pieces.

Inventory:

Hand Weapons
 a - a +0 long sword
 m - a +2 long sword of electrocution
 t - a +1 demon blade of freezing (weapon)
Missiles
 q - 5 poisoned darts (quivered)
 u - 2 throwing nets
Armour
 b - a +0 scale mail (worn)
 c - a +0 buckler (worn)
 g - a +0 pair of gloves (worn)
 o - a +0 cloak (worn)
Jewellery
 r - an amulet of magic regeneration
 s - a +6 ring of dexterity (left hand)
Scrolls
 v - 2 scrolls of identify
 w - 2 scrolls of teleportation
 x - a scroll of fear
 y - a scroll of brand weapon {unknown}
Potions
 d - 3 potions of might
 e - a potion of brilliance
 h - a potion of haste
 i - 3 potions of mutation
 j - a potion of flight
 k - 2 potions of invisibility
 l - a potion of resistance
 p - 2 potions of magic


   Skills:
 + Level 5.7 Fighting
 * Level 6.6 Long Blades
 * Level 7.2 Armour
 + Level 5.6 Shields


You had 6 spell levels left.
You didn't know any spells.
Your spell library contained the following spells:

 Spells                   Type           Power      Damage    Failure   Level
 Magic Dart               Conj           0%         1d3       93%         1
 Searing Ray              Conj           0%         2d4       98%         2
 Sublimation of Blood     Necr           0%         N/A       98%         2
 Fulminant Prism          Conj/Hex       0%         3d5       100%        4
 Petrify                  Tmut/Erth      0%         N/A       100%        4
 Irradiate                Conj/Tmut      0%         3d11      100%        5


Dungeon Overview and Level Annotations

Branches:
Dungeon (5/15)             Temple (1/1) D:4

Altars:
Cheibriados
Dithmenos
Gozag
Okawaru
Qazlal
Ru
Trog
Wu Jian
Xom
Zin
The Shining One


Innate Abilities, Weirdness & Mutations

You have a pair of horns on your head.
You reflexively headbutt those who attack you in melee.
Your spells are a little harder to cast, but a little more powerful.


Message History

You slash the quokka! You freeze the quokka.
You kill the quokka!
You feel sick.
The gnoll sergeant hits you from afar with a +0 trident!
The gnoll hits you but does no damage.
You hit the gnoll but do no damage. Your headbutt misses the gnoll.
You feel sick. You block the gnoll sergeant's attack.
The gnoll hits you from afar with a +0 spear.
You swing at nothing.
You feel sick. The gnoll barely misses you.
The gnoll sergeant hits you from afar with a +0 trident.
The gnoll hits you from afar with a +0 spear.
You closely miss the gnoll.
You feel sick. The gnoll closely misses you. The gnoll sergeant misses you.
The gnoll closely misses you. The gnoll hits you but does no damage.
You swing at nothing.
You feel sick. The gnoll hits you but does no damage.
The gnoll hits you with a +0 whip.
The gnoll sergeant hits you from afar with a +0 trident.
* * * LOW HITPOINT WARNING * * *
The gnoll hits you from afar with a +0 spear!
* * * LOW HITPOINT WARNING * * *
The gnoll barely misses you.
Blink to where?
Press: ? - help, Q - select action, (/) - cycle Dir - move target
As you read the scroll of blinking, it crumbles to dust.
You feel sick.
It was a potion of flight.
You feel very buoyant.
You fly up into the air.
You feel sick.
It was a potion of degeneration.
There was something very wrong with that liquid.
You feel weakened.
You feel dopey.
You feel clumsy.
You feel sick.
It was a potion of magic.
Magic courses through your body.
You feel sick.
You are no longer poisoned.
Okay, then.
As you read the scroll of teleportation, it crumbles to dust.
You feel strangely unstable. The gnoll hits you with a +0 whip.
* * * LOW HITPOINT WARNING * * *
The gnoll hits you with a +0 club.
You die...

# .. ### ≈≈. ..#
.≈.# #.#
....########.#
.≈........##.#
≈≈........##.######
..........##...g@.#
....?......#.g.#g##
.#######..gg.#.#.#
#.#.#.#.#.#
#.#.###.#.# ###.#
#.#.# #.# #.#.# #.#
#.#.# #.. #.#


You could see a gnoll sergeant and 4 gnolls.

Vanquished Creatures
  An ogre (D:5)
  3 phantoms (D:4)
  A scorpion (D:4)
  A hound (D:4)
  A jelly (D:4)
  Crazy Yiuf (D:2)
  A gnoll bouda (D:4)
  Natasha (thrice) (D:3)
  An orc wizard (D:4)
  17 gnolls
  10 adders
  A shadow imp (D:5)
  2 dart slugs
  A worm (D:4)
  3 orcs
  6 ball pythons
  7 endoplasms
  7 giant cockroaches
  12 goblins
  10 hobgoblins
  6 kobolds
  7 quokkas
  2 bats
  3 frilled lizards
  6 rats
113 creatures vanquished.

Vanquished Creatures (others)
  27 plants (D:2)
27 creatures vanquished.

Grand Total: 140 creatures vanquished

Notes
Turn   | Place    | Note
-------+----------+-------------------------------------------
     0 | D:1      | hwolsky the Minotaur Fighter began the quest for the Orb.
     0 | D:1      | Reached XP level 1. HP: 19/19 MP: 0/0
    80 | D:1      | Reached XP level 2. HP: 19/27 MP: 1/1
   160 | D:1      | Reached skill level 4 in Armour
   467 | D:1      | Reached XP level 3. HP: 33/33 MP: 2/2
  1102 | D:2      | Reached XP level 4. HP: 31/40 MP: 3/3
  1638 | D:2      | Found a runed translucent door.
  1639 | D:2      | Noticed Crazy Yiuf
  1918 | D:2      | Killed Crazy Yiuf
  1919 | D:2      | Reached skill level 5 in Armour
  1919 | D:2      | Reached XP level 5. HP: 34/47 MP: 4/4
  2036 | D:3      | Gained mutation: Your spells are a little harder to cast,
                  | but a little more powerful. [potion of mutation]
  2114 | D:3      | Found a faded altar of an unknown god.
  2280 | D:3      | Noticed Natasha
  2292 | D:3      | Killed Natasha
  2464 | D:3      | Noticed Natasha
  2473 | D:3      | Killed Natasha
  2642 | D:3      | Noticed Natasha
  2650 | D:3      | Killed Natasha
  2720 | D:4      | Reached XP level 6. HP: 53/53 MP: 5/5
  2727 | D:4      | Identified a scroll of acquirement
  2727 | D:4      | Acquired a +0 demon blade of freezing
  2768 | D:4      | Reached skill level 5 in Long Blades
  2929 | D:4      | Reached skill level 6 in Armour
  2933 | D:4      | Reached skill level 5 in Fighting
  2938 | D:4      | Reached skill level 5 in Shields
  3226 | D:4      | Reached XP level 7. HP: 61/61 MP: 6/6
  3457 | D:4      | Reached skill level 7 in Armour
  3520 | D:4      | Found a sacrificial altar of Ru.
  3580 | D:4      | Found a staircase to the Ecumenical Temple.
  3923 | Temple   | Entered the Ecumenical Temple
  4088 | D:5      | Entered Level 5 of the Dungeon
  4111 | D:5      | Found an ornate altar of the Wu Jian Council.
  4338 | D:5      | Found an opulent altar of Gozag.
  4360 | D:5      | Slain by a gnoll

Illustrated notes

Levels and vault maps discovered:
D:1:      dpeg_arrival_tiny_h, layout_basic, minmay_tall_x
D:2:      wad_woods_settlement, layout_basic, minmay_misc_feat_tower,
          minmay_octomino_j4, uniq_crazy_yiuf_cottage
D:3:      layout_loops_ring, shapermc_ecumenical_altar_pompeii, uniq_natasha
D:4:      layout_basic, nicolae_ru_great_annihilating_truth,
          minmay_temple_entry_stoned_glass, minmay_bent
D:5:      layout_basic, mainiacjoe_overflow_cross_hatched,
          nicolae_gozag_zags_fifth_avenue, minmay_circle_x, uniq_blork_the_orc
Temple:   nicolae_temple_colour_theory

Skill      XL: |  1  2  3  4  5  6  7 |
---------------+----------------------+-----
Armour         | 4 5 6 7 |  7.2
Long Blades    | 3 4 5 6 |  6.6
Fighting       | 4 5 |  5.7
Shields        | 4 5 |  5.6

Action                     |  1- 3 |  4- 6 |  7- 9 || total
---------------------------+-------+-------+-------++-------
  Melee: Long sword        |   112 |    88 |       ||   200
         Headbutt          |    18 |    24 |    10 ||    52
         Demon blade       |       |    56 |    51 ||   107
    Use: Scroll            |     1 |     8 |     4 ||    13
         Potion            |       |     2 |     5 ||     7
   Stab: Distracted        |       |       |     1 ||     1
         Invisible         |       |       |     1 ||     1
         Paralysed         |       |       |     1 ||     1
 Armour: Scale mail        |    52 |    65 |    24 ||   141
  Dodge: Dodged            |    47 |    68 |    17 ||   132
  Block: Buckler           |    31 |    41 |    11 ||    83

Table legend: (Time is in decaauts)
 A = Elapsed time spent in this place.
 B = Non-inter-level travel time spent in this place.
 C = Inter-level travel time spent in this place.
 D = Time resting spent in this place.
 E = Time spent auto-exploring this place.
 F = Levels seen in this place.
 G = Mean time per level.
                   A        B        C        D        E       F      G
               +--------+--------+--------+--------+--------+-----+--------+
         Total |   4439 |   4354 |     85 |    454 |   2526 |   6 |  739.8 |
       Dungeon |   4284 |   4200 |     84 |    454 |   2462 |   5 |  856.8 |
        Temple |    154 |    154 |      0 |      0 |     64 |   1 |  154.0 |
               +--------+--------+--------+--------+--------+-----+--------+

Top non-repeatable levels by time:
     D:2: 1278 daAuts
     D:4: 1232 daAuts
     D:1: 785 daAuts
     D:3: 716 daAuts
     D:5: 272 daAuts
  Temple: 154 daAuts
